[Event "Titled Tuesday Blitz June 6 Late 2023"]
[White "Garcia Cuenca, Victor"]
[Black "Goryachkina, Aleksandra"]
[WhiteFideId "2250829"]
[BlackFideId "4147103"]
[WhiteElo "2329"]
[BlackElo "2471"]
[Result "1-0"]
[Round "6"]
[TimeControl "180+2"]
[Date "2023.06.07"]
[WhiteClock "0:00:04"]
[BlackClock "0:00:01"]
[Board "65"]

1. d4 Nf6 2. Nf3 d5 3. Bf4 c5 4. e3 Nc6 5. Nbd2 Bg4 6. c3 e6 7. Qa4 Bxf3 8. Nxf3 Bd6 9. Ba6 bxa6 10. Qxc6+ Ke7 11. Qxa6 Bxf4 12. exf4 c4 13. Ne5 Qc7 14. Qa3+ Ke8 15. O-O Ne4 16. Rfe1 f6 17. Qa4+ Ke7 18. Nxc4 Kf7 19. f5 exf5 20. Ne3 Rhd8 21. f3 Ng5 22. Nxf5 Ne6 23. g3 Rab8 24. Re2 Rb6 25. Rae1 Rdb8 26. Qa3 g6 27. Nh6+ Kg7 28. Ng4 Kf7 29. Nh6+ Kg7 30. Rxe6 Rxe6 31. Rxe6 Kxh6 32. Re7 Qb6 33. Qxa7 Qxb2 34. Rxh7+ Kg5 35. h4+ Kf5 36. Qd7# 1-0


[Site "https://www.chess.com"]

[Event "Titled Tuesday Blitz June 6 Late 2023"]
[White "Abrahamyan, Tatev"]
[Black "Prieto Aranguren, Alain"]
[WhiteFideId "13301918"]
[BlackFideId "2268906"]
[WhiteElo "2342"]
[BlackElo "2209"]
[Result "1-0"]
[Round "6"]
[TimeControl "180+2"]
[Date "2023.06.07"]
[WhiteClock "0:00:22"]
[BlackClock "0:00:14"]
[Board "66"]

1. e4 c6 2. d4 d5 3. Nc3 b5 4. a3 a6 5. Nf3 Bg4 6. Be2 e6 7. Ne5 Bxe2 8. Qxe2 Nf6 9. Bg5 Be7 10. Bxf6 gxf6 11. Nf3 dxe4 12. Nxe4 Nd7 13. Ng3 Qc7 14. a4 b4 15. a5 c5 16. O-O cxd4 17. Nxd4 Nc5 18. Nh5 Rd8 19. Rad1 Rd5 20. Nxe6 fxe6 21. Rxd5 exd5 22. Nxf6+ Kf7 23. Nxd5 Qd6 24. Re1 Qxd5 25. Qxe7+ Kg6 26. h4 Rd8 27. Re5 Qd1+ 28. Kh2 Qd6 29. Qxd6+ Rxd6 30. Rxc5 Rd2 31. Rc4 b3 32. cxb3 Rxb2 33. f3 Rxb3 34. Rc6+ Kh5 35. Kh3 1-0


[Site "https://www.chess.com"]

[Event "Titled Tuesday Blitz June 6 Late 2023"]
[White "Adewumi, Tanitoluwa"]
[Black "Weisz, Bryan"]
[WhiteFideId "30966396"]
[BlackFideId "30934133"]
[WhiteElo "2612"]
[BlackElo "2333"]
[Result "1-0"]
[Round "6"]
[TimeControl "180+2"]
[Date "2023.06.07"]
[WhiteClock "0:00:21"]
[BlackClock "0:00:01"]
[Board "67"]

1. e4 Nf6 2. e5 Ng8 3. d4 d5 4. f4 Bf5 5. Bd3 Bxd3 6. Qxd3 e6 7. Nf3 c5 8. O-O cxd4 9. f5 exf5 10. Nxd4 Bc5 11. Be3 Bxd4 12. Bxd4 Ne7 13. e6 fxe6 14. Bxg7 Rg8 15. Bf6 Nbc6 16. Nc3 Qb6+ 17. Kh1 O-O-O 18. Rae1 Rg6 19. Rxe6 d4 20. Bxe7 Rxe6 21. Bxd8 Nxd8 22. Nd5 Qxb2 23. Qc4+ Rc6 24. Ne7+ Kd7 25. Nxc6 Nxc6 26. Rxf5 Qc1+ 27. Rf1 Qe3 28. h3 Ne5 29. Qd5+ Kc7 30. Rf5 Qe1+ 31. Kh2 Nc6 32. Rf7+ Kb6 33. Qb3+ Kc5 34. Rf5+ Kd6 35. Qg3+ Kd7 36. Qxe1 1-0


[Site "https://www.chess.com"]

[Event "Titled Tuesday Blitz June 6 Late 2023"]
[White "Arias Igual, Alejandro"]
[Black "Vlassov, Nikolai"]
[WhiteFideId "2254905"]
[BlackFideId "4103360"]
[WhiteElo "2179"]
[BlackElo "2324"]
[Result "0-1"]
[Round "6"]
[TimeControl "180+2"]
[Date "2023.06.07"]
[WhiteClock "0:00:36"]
[BlackClock "0:01:20"]
[Board "68"]

1. e4 Nc6 2. d4 d5 3. e5 h5 4. c3 Bg4 5. Be2 Qd7 6. f4 O-O-O 7. Nf3 f6 8. O-O g5 9. exf6 gxf4 10. f7 Nh6 11. Bxf4 Nxf7 12. Nbd2 Bh6 13. Bxh6 Nxh6 14. Nb3 Rdg8 15. Qd2 Qd6 16. Rae1 Nf5 17. Nc5 Rg7 18. Bd3 Nh6 19. Rf2 Rhg8 20. Ne5 Nxe5 21. Rxe5 Bh3 22. Ne6 Rxg2+ 23. Rxg2 Rxg2+ 24. Qxg2 Bxg2 25. Kxg2 Ng4 26. Rxh5 Qxe6 27. Bf5 Ne3+ 0-1


[Site "https://www.chess.com"]

[Event "Titled Tuesday Blitz June 6 Late 2023"]
[White "Mendez Fortes, Eduardo Jesus"]
[Black "MunichMouse"]
[WhiteFideId "3502376"]
[WhiteElo "2307"]
[BlackElo "2326"]
[Result "1-0"]
[Round "6"]
[TimeControl "180+2"]
[Date "2023.06.07"]
[WhiteClock "0:00:10"]
[BlackClock "0:00:06"]
[Board "69"]

1. e4 c5 2. Nf3 d6 3. d4 cxd4 4. Nxd4 Nf6 5. Nc3 a6 6. Bg5 e6 7. f4 Be7 8. Qf3 Qc7 9. O-O-O Nc6 10. g4 Bd7 11. Nb3 Rc8 12. Bxf6 Bxf6 13. g5 Bxc3 14. Qxc3 Nb4 15. Qxc7 Rxc7 16. c3 Ke7 17. Kb1 Nc6 18. Bg2 h6 19. h4 hxg5 20. hxg5 Rcc8 21. Kc2 g6 22. Kd3 e5 23. Ke3 Bg4 24. Rc1 Be6 25. Nd2 Na5 26. b3 Rxh1 27. Bxh1 Rh8 28. Bg2 Rh2 29. Rg1 Bg4 30. Nf1 Rh4 31. Nd2 b5 32. Bf1 Nc6 33. a4 b4 34. cxb4 Nxb4 35. fxe5 dxe5 36. Nc4 Ke6 37. Rxg4 Rh1 38. Kf2 Nc2 39. Rg1 Rh4 40. Bd3 Nb4 41. Bb1 Rh3 42. Ne3 Rh2+ 43. Rg2 Rh1 44. Rg1 Rh2+ 45. Rg2 Rh1 46. Nf1 Nc6 47. Bd3 a5 48. Bc4+ Ke7 49. Ke3 Nd4 50. Rf2 Rh3+ 51. Kd2 Nxb3+ 52. Bxb3 Rxb3 53. Ne3 Rb2+ 54. Ke1 Ke6 55. Rxb2 1-0


[Site "https://www.chess.com"]

[Event "Titled Tuesday Blitz June 6 Late 2023"]
[White "Makaraci, Tunahan"]
[Black "Sanchez, Robert"]
[WhiteFideId "6356559"]
[BlackFideId "2034360"]
[WhiteElo "2160"]
[BlackElo "1893"]
[Result "1-0"]
[Round "6"]
[TimeControl "180+2"]
[Date "2023.06.07"]
[WhiteClock "0:00:04"]
[BlackClock "0:00:09"]
[Board "70"]

1. e4 e6 2. d4 d5 3. Nd2 Nf6 4. e5 Nfd7 5. g3 c5 6. c3 Nc6 7. Ne2 f6 8. Nf4 Qe7 9. Bh3 cxd4 10. Qh5+ g6 11. Nxg6 Qf7 12. Nf4 Ndxe5 13. O-O Qxh5 14. Nxh5 Kf7 15. Nb3 dxc3 16. bxc3 Bd7 17. Be3 b6 18. Nf4 Rd8 19. Rad1 Nc4 20. Bc1 Bd6 21. Rfe1 N6e5 22. Kg2 h5 23. Nd4 f5 24. Nf3 Nxf3 25. Kxf3 Ne5+ 26. Kg2 Bc6 27. Rd4 Rde8 28. Nd3 Nxd3 29. Rxd3 h4 30. Bg5 Reg8 31. f4 hxg3 32. hxg3 e5 33. fxe5 Bxe5 34. Rxe5 Rxg5 35. Rf3 d4 36. cxd4 Bxf3+ 37. Kxf3 Rxh3 38. Kf4 Rhh5 39. Rd5 Rg4+ 40. Kf3 Re4 41. Rd6 Re6 42. Rd7+ Re7 43. Rd8 Kf6 44. Rf8+ Ke6 45. Rd8 Rh2 46. d5+ Ke5 47. d6 Re8 48. Rxe8+ Kxd6 49. Rf8 Kc6 50. Rxf5 Rxa2 51. g4 b5 52. g5 b4 53. g6 Ra1 54. Kf4 Rf1+ 55. Kg5 Rg1+ 56. Kf6 Rxg6+ 57. Kxg6 b3 58. Rf4 Kb5 59. Kf5 a5 60. Ke4 a4 61. Kd3 b2 62. Kc2 a3 63. Kb1 1-0


[Site "https://www.chess.com"]

[Event "Titled Tuesday Blitz June 6 Late 2023"]
[White "Hambleton, Aman"]
[Black "Cagara, Paulina"]
[WhiteFideId "2606577"]
[BlackFideId "1124870"]
[WhiteElo "2511"]
[BlackElo "1967"]
[Result "1-0"]
[Round "6"]
[TimeControl "180+2"]
[Date "2023.06.07"]
[WhiteClock "0:00:04"]
[BlackClock "0:00:04"]
[Board "71"]

1. d4 f5 2. c4 Nf6 3. h4 g6 4. h5 gxh5 5. Bg5 Bg7 6. e3 e6 7. Bxf6 Qxf6 8. Qxh5+ Qg6 9. Nc3 a6 10. Nge2 Nc6 11. Nf4 Qxh5 12. Nxh5 Kf7 13. Nxg7 Kxg7 14. O-O-O d6 15. d5 Ne5 16. Be2 Bd7 17. b3 Raf8 18. dxe6 Bxe6 19. Rd4 Ng6 20. g3 Bd7 21. Nd5 Bc6 22. Rh5 Bxd5 23. Rxd5 Ne7 24. Rd4 Rf6 25. Rdh4 Nc6 26. Bd3 Nb4 27. Bxf5 Nxa2+ 28. Kb2 Nb4 29. g4 h6 30. e4 Nd3+ 31. Kc3 Nxf2 32. g5 Rff8 33. gxh6+ Kf6 34. Rh2 Nd1+ 35. Kd2 Nb2 36. Kc2 Nxc4 37. bxc4 b5 38. Kc3 Rb8 39. h7 b4+ 40. Kb3 a5 41. Rg2 c5 42. Ka4 b3 43. Rb2 Rb4+ 44. Ka3 a4 45. Rh4 Rxc4 46. e5+ Kxf5 47. Rxc4 Kxe5 48. Rh2 Kd5 49. Rg4 c4 50. Rg8 c3 51. Rxh8 c2 52. Rc8 Kd4 53. Rhxc2 Kd3 54. R2c3+ Kd4 55. Rxb3 1-0


[Site "https://www.chess.com"]

[Event "Titled Tuesday Blitz June 6 Late 2023"]
[White "Alex_Sahakyan2006"]
[Black "Barria Santos, Jose Guilherme"]
[BlackFideId "1939300"]
[WhiteElo "2687"]
[BlackElo "2266"]
[Result "0-1"]
[Round "6"]
[TimeControl "180+2"]
[Date "2023.06.07"]
[WhiteClock "0:00:02"]
[BlackClock "0:00:44"]
[Board "72"]

1. d4 Nf6 2. c4 g6 3. Nc3 Bg7 4. e4 O-O 5. h3 d6 6. Be3 c5 7. Nf3 Qa5 8. Qd2 Nc6 9. d5 Nb8 10. g4 a6 11. a4 b5 12. cxb5 axb5 13. Bxb5 Ba6 14. O-O Bxb5 15. axb5 Qxa1 16. Rxa1 Rxa1+ 17. Kg2 Nbd7 18. Bh6 Rb8 19. Bxg7 Kxg7 20. Qe2 Nb6 21. b3 Rba8 22. Kg3 Rc1 23. Qb2 Rxc3 24. Qxc3 Kg8 25. Nd2 Nfd7 26. f4 Ra2 27. g5 f6 28. h4 Kf7 29. Nc4 Nxc4 30. bxc4 Nb6 31. Qb3 Ra4 32. e5 Rxc4 33. e6+ Kf8 34. Qa2 Ra4 35. Qb2 Rb4 36. Qa1 Ra4 37. Qc3 Kg7 38. gxf6+ exf6 39. h5 Nxd5 0-1


[Site "https://www.chess.com"]

[Event "Titled Tuesday Blitz June 6 Late 2023"]
[White "Kokoszczynski, Jan"]
[Black "Arnaudov, G. Petar"]
[WhiteFideId "1174460"]
[BlackFideId "2907127"]
[WhiteElo "2139"]
[BlackElo "2430"]
[Result "0-1"]
[Round "6"]
[TimeControl "180+2"]
[Date "2023.06.07"]
[WhiteClock "0:00:08"]
[BlackClock "0:00:47"]
[Board "73"]

1. d4 Nf6 2. c4 Nc6 3. Nf3 e6 4. g3 Bb4+ 5. Bd2 Qe7 6. Bg2 Bxd2+ 7. Qxd2 Ne4 8. Qc2 Qb4+ 9. Kf1 d5 10. cxd5 exd5 11. Nc3 Nxc3 12. Qxc3 Qe7 13. Rc1 O-O 14. e3 Re8 15. Nd2 Qd8 16. Nb3 a5 17. Kg1 a4 18. Nc5 Qd6 19. h3 h5 20. h4 a3 21. b3 b6 22. Nd3 Ba6 23. Qxc6 Qxc6 24. Rxc6 Bxd3 25. Kh2 Be4 26. Bxe4 dxe4 27. Rxc7 Rac8 28. Rhc1 Rxc7 29. Rxc7 b5 30. Kg2 g6 31. b4 Kg7 32. Rc5 Rb8 33. Kf1 Kf6 34. Ke2 Kg7 35. Kd2 f5 36. Kc3 Kf6 37. Kb3 g5 38. hxg5+ Kxg5 39. Kxa3 Kg4 40. Kb3 Rf8 41. Rxb5 Kf3 42. a4 Kxf2 43. a5 Kxg3 44. a6 h4 45. a7 Ra8 46. Rb7 h3 47. Rh7 h2 48. b5 Rxa7 49. Rxa7 h1=Q 50. Kc4 Qc1+ 51. Kd5 Qxe3 52. b6 Qb3+ 53. Kc6 Qc4+ 54. Kb7 Qxd4 0-1


[Site "https://www.chess.com"]

[Event "Titled Tuesday Blitz June 6 Late 2023"]
[White "Domingo Nunez, Alejandro"]
[Black "i_like_explosions"]
[WhiteFideId "22245561"]
[WhiteElo "2291"]
[BlackElo "2474"]
[Result "1-0"]
[Round "6"]
[TimeControl "180+2"]
[Date "2023.06.07"]
[WhiteClock "0:00:48"]
[BlackClock "0:00:21"]
[Board "74"]

1. Nf3 Nf6 2. g3 g6 3. b3 Bg7 4. Bb2 d6 5. d4 O-O 6. Bg2 Nbd7 7. O-O c5 8. c4 a6 9. Nc3 Rb8 10. a4 b6 11. Qc2 Bb7 12. Rad1 Qc7 13. d5 Bc8 14. e4 e5 15. dxe6 fxe6 16. Qd2 Ne8 17. Ng5 Ne5 18. f4 Nc6 19. Bh3 Nd4 20. Ne2 Nxe2+ 21. Qxe2 Qe7 22. e5 h6 23. exd6 Nxd6 24. Bxg7 Kxg7 25. Qe5+ Kg8 26. Nxe6 Bxe6 27. Rxd6 Rbe8 28. Bxe6+ 1-0


[Site "https://www.chess.com"]

[Event "Titled Tuesday Blitz June 6 Late 2023"]
[White "szachmistrz2500"]
[Black "Omranalhosani21"]
[WhiteElo "2460"]
[BlackElo "2609"]
[Result "0-1"]
[Round "6"]
[TimeControl "180+2"]
[Date "2023.06.07"]
[WhiteClock "0:00:11"]
[BlackClock "0:00:33"]
[Board "75"]

1. d4 Nf6 2. Nf3 g6 3. c4 Bg7 4. Nc3 d5 5. Qb3 dxc4 6. Qxc4 O-O 7. e4 Nc6 8. d5 Na5 9. Qa4 c6 10. dxc6 Nxc6 11. Bb5 Bd7 12. O-O a6 13. Bxc6 Bxc6 14. Qc2 Rc8 15. Qe2 b5 16. a3 Qb6 17. Be3 Qb7 18. e5 Ne4 19. Bd4 Nxc3 20. Bxc3 Bxf3 21. Qxf3 Qxf3 22. gxf3 Rfd8 23. Rad1 Kf8 24. Kg2 Ke8 25. Kg3 g5 26. f4 gxf4+ 27. Kxf4 Rc4+ 28. Ke3 Bh6+ 29. Ke2 Re4+ 30. Kf3 Rf4+ 31. Kg3 Rc8 32. Bd2 Rcc4 33. Bxf4 Bxf4+ 34. Kf3 Bxe5 35. Rd2 f6 36. h3 Kf7 37. Re1 Bd6 38. Re4 Rc5 39. Ke3 Rh5 40. h4 f5 41. Rxd6 exd6 42. Rf4 Ke6 43. Kd4 Rh6 44. b3 Rh5 45. a4 bxa4 46. bxa4 a5 47. Kc4 Ke5 48. Rd4 Ke6 49. f3 Rh6 50. Kb5 Ke5 51. Kc4 d5+ 52. Rxd5+ Kf4 53. Rxa5 Rxh4 54. Ra7 Kxf3+ 55. Kd3 h5 56. a5 Ra4 57. Rf7 Rxa5 0-1


[Site "https://www.chess.com"]

[Event "Titled Tuesday Blitz June 6 Late 2023"]
[White "Gubajdullin, Alexei"]
[Black "Rego, Pedro Filipe"]
[WhiteFideId "4141202"]
[BlackFideId "1904310"]
[WhiteElo "2279"]
[BlackElo "2193"]
[Result "1/2-1/2"]
[Round "6"]
[TimeControl "180+2"]
[Date "2023.06.07"]
[WhiteClock "0:00:17"]
[BlackClock "0:00:11"]
[Board "76"]

1. d4 Nf6 2. Nf3 d5 3. Bf4 c5 4. e3 Nc6 5. Nbd2 Qb6 6. dxc5 Qxb2 7. c4 e5 8. Bg5 d4 9. exd4 Nxd4 10. Nxd4 Qxd4 11. Be3 Qb2 12. Qc1 Qxc1+ 13. Rxc1 Ng4 14. Ne4 Nxe3 15. fxe3 Be6 16. Nd6+ Kd7 17. Nxb7 Kc7 18. Nd6 Rb8 19. Bd3 Bxd6 20. cxd6+ Kxd6 21. c5+ Kc7 22. O-O Rhd8 23. Bc4 Bxc4 24. Rxc4 f6 25. Ra4 Rb7 26. Rc1 Rd2 27. c6 Rbb2 28. Rxa7+ Kc8 29. Rxg7 h5 30. c7 Rbc2 31. Rxc2 Rxc2 32. Rf7 Re2 33. Rxf6 Rxe3 34. Rh6 Kxc7 35. Rxh5 Kd6 36. Rh6+ Kd5 37. Ra6 e4 38. Kf2 Rc3 39. g4 Rc2+ 40. Kg3 Rc3+ 41. Kh4 e3 42. Ra8 Ke4 43. Re8+ Kf3 44. Rf8+ Kg2 45. g5 e2 46. Re8 Kf2 47. Rxe2+ Kxe2 48. g6 Rc2 49. g7 Kf3 50. Kg5 Rxh2 51. Kf6 Rg2 52. a4 Ke4 53. a5 Kd5 54. a6 Kc6 55. Kf7 Kb6 56. g8=Q Rxg8 57. Kxg8 Kxa6 1/2-1/2


[Site "https://www.chess.com"]

[Event "Titled Tuesday Blitz June 6 Late 2023"]
[White "ATM622"]
[Black "Kovalevsky, Stanislav"]
[BlackFideId "13508598"]
[WhiteElo "2590"]
[BlackElo "2112"]
[Result "1-0"]
[Round "6"]
[TimeControl "180+2"]
[Date "2023.06.07"]
[WhiteClock "0:01:47"]
[BlackClock "0:00:13"]
[Board "77"]

1. d4 Nf6 2. c4 e6 3. g3 d5 4. Bg2 Nbd7 5. Nf3 Ne4 6. O-O f5 7. Nbd2 Be7 8. Qc2 c6 9. Ne5 O-O 10. Ndf3 g5 11. b3 a5 12. Bb2 a4 13. Rac1 g4 14. Ne1 Nxe5 15. dxe5 Qb6 16. Nd3 Bd7 17. c5 Qb5 18. b4 Bg5 19. Rcd1 h5 20. Bc1 Bxc1 21. Qxc1 Qc4 22. Qh6 Rf7 23. Nf4 Nc3 24. Nxh5 Nxd1 25. Nf6+ Rxf6 26. exf6 Qxe2 27. Qg7# 1-0


[Site "https://www.chess.com"]

[Event "Titled Tuesday Blitz June 6 Late 2023"]
[White "Shohat, Yotam"]
[Black "Eidelman, Gabriel"]
[WhiteFideId "2813955"]
[BlackFideId "30910544"]
[WhiteElo "2226"]
[BlackElo "2455"]
[Result "1-0"]
[Round "6"]
[TimeControl "180+2"]
[Date "2023.06.07"]
[WhiteClock "0:00:39"]
[BlackClock "0:00:01"]
[Board "78"]

1. e4 c6 2. d4 d5 3. e5 Bf5 4. Nd2 e6 5. Nb3 Nd7 6. Nf3 a6 7. Be2 c5 8. c3 Ne7 9. Be3 Nc6 10. O-O c4 11. Nbd2 Be7 12. Re1 O-O 13. Nf1 b5 14. Ng3 Bg6 15. a3 a5 16. Qd2 b4 17. axb4 axb4 18. h4 Rxa1 19. Rxa1 bxc3 20. bxc3 Na5 21. Bd1 Qb6 22. h5 Bd3 23. Ne1 Nb3 24. Bxb3 Qxb3 25. Nxd3 cxd3 26. Qxd3 Nb6 27. h6 g6 28. Rb1 Qc4 29. Qxc4 Nxc4 30. Bc1 Ba3 31. Ne2 Bxc1 32. Nxc1 Ra8 33. Nd3 g5 34. Nc5 Re8 35. Nd7 Rc8 36. Rd1 Rc7 37. Nf6+ Kh8 38. Rd3 Nb6 39. Rg3 Nd7 40. Ne8 1-0


[Site "https://www.chess.com"]

[Event "Titled Tuesday Blitz June 6 Late 2023"]
[White "Fiorito, Francisco"]
[Black "Arnold, Ken"]
[WhiteFideId "180165"]
[BlackFideId "2056836"]
[WhiteElo "2319"]
[BlackElo "2448"]
[Result "1-0"]
[Round "6"]
[TimeControl "180+2"]
[Date "2023.06.07"]
[WhiteClock "0:01:07"]
[BlackClock "0:00:23"]
[Board "79"]

1. e4 e5 2. Nf3 Nf6 3. Nxe5 d6 4. Nf3 Nxe4 5. d3 Nf6 6. d4 Be7 7. Bd3 Bg4 8. O-O O-O 9. h3 Bh5 10. Re1 Nc6 11. c3 Bg6 12. Bxg6 hxg6 13. Bf4 Re8 14. Nbd2 Nh5 15. Bh2 d5 16. Qb3 Na5 17. Qa4 b6 18. Ne5 Bd6 19. Ndf3 Qf6 20. Ng4 Bxh2+ 21. Kxh2 Qd6+ 22. g3 c6 23. Nge5 Re6 24. Kg2 Rae8 25. b4 Nc4 26. Qxa7 R6e7 27. Nxc4 dxc4 28. Qxb6 Rxe1 29. Rxe1 Rxe1 30. Nxe1 Qd5+ 31. Nf3 Qe4 32. Qd8+ Kh7 33. Qg5 f5 34. Qe3 Nf6 35. a4 Kg8 36. a5 Qd5 37. Qe5 Nd7 38. Qxd5+ cxd5 39. Ne5 1-0


[Site "https://www.chess.com"]

[Event "Titled Tuesday Blitz June 6 Late 2023"]
[White "Kashtanov, Ruslan"]
[Black "Safin, Robert"]
[WhiteFideId "4124871"]
[BlackFideId "34189120"]
[WhiteElo "2263"]
[BlackElo "2341"]
[Result "1-0"]
[Round "6"]
[TimeControl "180+2"]
[Date "2023.06.07"]
[WhiteClock "0:00:47"]
[BlackClock "0:01:35"]
[Board "80"]

1. d4 Nf6 2. c4 e6 3. g3 d5 4. Bg2 Be7 5. Nf3 O-O 6. O-O dxc4 7. Qa4 a6 8. Qxc4 b5 9. Qc2 Bb7 10. Bf4 Bd6 11. Bg5 Nbd7 12. Nbd2 c5 13. dxc5 Nxc5 14. Rfd1 Qe7 15. Rac1 Rac8 16. Qb1 Rfd8 17. h3 h6 18. Be3 Nd5 19. Bd4 e5 20. Bxc5 Bxc5 21. Qf5 f6 22. Nh4 Ba8 23. Be4 Bxf2+ 24. Qxf2 1-0


[Site "https://www.chess.com"]

[Event "Titled Tuesday Blitz June 6 Late 2023"]
[White "Becerra, Juan David"]
[Black "Przybylski, Wojciech"]
[WhiteFideId "4404998"]
[BlackFideId "1117599"]
[WhiteElo "2304"]
[BlackElo "2228"]
[Result "1-0"]
[Round "6"]
[TimeControl "180+2"]
[Date "2023.06.07"]
[WhiteClock "0:00:30"]
[BlackClock "0:00:11"]
[Board "81"]

1. e4 e5 2. Nf3 Nc6 3. Bb5 a6 4. Ba4 Nf6 5. d3 b5 6. Bb3 Bc5 7. Nc3 O-O 8. a4 Rb8 9. axb5 axb5 10. Bg5 h6 11. Bh4 Be7 12. O-O d6 13. h3 Nd4 14. Nxd4 exd4 15. Bxf6 Bxf6 16. Nd5 c6 17. Nf4 Bg5 18. Ng6 Re8 19. f4 Be6 20. fxg5 fxg6 21. Bxe6+ Rxe6 22. gxh6 gxh6 23. Qg4 Qe8 24. Ra7 Rd8 25. Qh4 Rd7 26. Rxd7 Qxd7 27. Qxh6 Qg7 28. Qf4 Re5 29. Ra1 Qf7 30. Ra8+ Kg7 31. Qh4 Re8 32. Rxe8 Qxe8 33. Qf4 Qe6 34. Qg5 Qd7 35. h4 Kh7 36. h5 gxh5 37. Qxh5+ Kg7 38. Qg5+ Kh8 39. Qf6+ Kg8 40. Qxd4 Qe6 41. b3 Kf8 42. Qf2+ Ke7 43. Qf5 Qg8 44. e5 dxe5 45. Qxe5+ Kd7 46. d4 Qh7 47. d5 Qxc2 48. Qe6+ Kd8 49. Qd6+ Kc8 50. Qxc6+ Qxc6 51. dxc6 Kc7 52. Kf2 Kxc6 53. Ke3 Kd5 54. Kd3 Ke5 55. Kc3 Kf4 56. Kb4 Kg3 57. Kxb5 Kxg2 58. Kc5 Kf3 59. b4 Ke4 60. b5 Kd3 61. b6 Kc3 62. b7 Kb3 63. b8=Q+ Kc3 64. Qb4+ Kd3 1-0


[Site "https://www.chess.com"]

[Event "Titled Tuesday Blitz June 6 Late 2023"]
[White "Balla, Tamas-Kristof"]
[Black "Prado Lobo, Jonas"]
[WhiteFideId "1208497"]
[BlackFideId "32050666"]
[WhiteElo "2334"]
[BlackElo "2322"]
[Result "1-0"]
[Round "6"]
[TimeControl "180+2"]
[Date "2023.06.07"]
[WhiteClock "0:00:11"]
[BlackClock "0:00:16"]
[Board "82"]

1. e4 g6 2. d4 Bg7 3. Nc3 d6 4. f4 a6 5. Nf3 b6 6. Bd3 Bb7 7. O-O e6 8. Ne2 c5 9. c3 Nc6 10. Be3 Nge7 11. e5 O-O 12. Qd2 Qc7 13. Rad1 Rfd8 14. Bb1 dxe5 15. fxe5 Nxe5 16. Nxe5 Bxe5 17. Bh6 Bxh2+ 18. Kh1 Nf5 19. Bxf5 exf5 20. Rxf5 Bd6 21. Rdf1 Rd7 22. R5f2 Re8 23. Nf4 cxd4 24. Nh5 Be5 25. cxd4 Rxd4 26. Qg5 Qd7 27. Nf6+ Bxf6 28. Qxf6 Qh3+ 29. Kg1 Qxh6 30. Qxf7+ Kh8 31. Qxe8+ Kg7 32. Qf8# 1-0


[Site "https://www.chess.com"]

[Event "Titled Tuesday Blitz June 6 Late 2023"]
[White "Dedona, Mark"]
[Black "Moral Garcia, Serafin"]
[WhiteFideId "30920256"]
[BlackFideId "2201925"]
[WhiteElo "2074"]
[BlackElo "2274"]
[Result "0-1"]
[Round "6"]
[TimeControl "180+2"]
[Date "2023.06.07"]
[WhiteClock "0:00:14"]
[BlackClock "0:00:13"]
[Board "83"]

1. e4 c5 2. b3 g6 3. Bb2 Nf6 4. e5 Nd5 5. Nc3 Nxc3 6. dxc3 Bg7 7. Qd5 Qc7 8. f4 O-O 9. O-O-O Kh8 10. h4 e6 11. Qe4 f5 12. Qe3 b6 13. h5 Kg8 14. Nf3 Bb7 15. hxg6 h6 16. Bd3 Nc6 17. Rhg1 Ne7 18. g4 Nd5 19. Qd2 fxg4 20. Rxg4 Nxf4 21. Rxf4 Rxf4 22. Qxf4 Rf8 23. Qh4 Bxf3 24. Re1 Qd8 25. Qxd8 Rxd8 26. c4 Rf8 27. Kd2 Bc6 28. a3 h5 29. b4 h4 30. Be4 Rf4 31. Bxc6 dxc6 32. Ke3 Rxc4 33. Rd1 h3 34. Kd3 Rh4 35. bxc5 bxc5 36. Rh1 h2 37. a4 Bh6 38. Ba3 c4+ 39. Kc3 Bf4 40. Bc5 Bxe5+ 41. Kb4 Kg7 42. Bxa7 c3+ 43. Kb3 Kxg6 44. a5 Rh8 45. Bb6 Kf5 46. a6 Kg4 47. a7 Kh3 48. Bg1 Kg2 49. Bxh2 Bxh2 50. Re1 Ra8 51. Rxe6 Rxa7 52. Rxc6 Be5 53. Re6 Bg7 54. Rg6+ Kf3 55. Re6 Kf4 56. Kc4 Be5 57. Kd3 Rd7+ 58. Kc4 Ke4 59. Re8 Rd2 60. Kb3 Rd1 61. Re7 Rb1+ 62. Kc4 Rb2 63. Rh7 Rxc2 64. Rh4+ Kf5 65. Kd3 Rc1 66. Rh5+ Ke6 67. Rh6+ Kd5 68. Rh7 Rd1+ 69. Kc2 Rd2+ 70. Kb3 Rb2+ 71. Ka3 c2 72. Rh4 c1=Q 73. Rc4 Kxc4 74. Ka4 Qa1# 0-1


[Site "https://www.chess.com"]

[Event "Titled Tuesday Blitz June 6 Late 2023"]
[White "MKlose11"]
[Black "marik_spb"]
[WhiteElo "2541"]
[BlackElo "2435"]
[Result "0-1"]
[Round "6"]
[TimeControl "180+2"]
[Date "2023.06.07"]
[WhiteClock "0:00:11"]
[BlackClock "0:00:17"]
[Board "84"]

1. e4 c6 2. Nc3 d5 3. g3 dxe4 4. Nxe4 Nf6 5. Bg2 Nxe4 6. Bxe4 g6 7. Ne2 Bg7 8. O-O O-O 9. d4 Nd7 10. Re1 e5 11. Be3 exd4 12. Bxd4 Nf6 13. Bg2 Bf5 14. c3 Re8 15. Qb3 Qc7 16. Be3 Ng4 17. Bd4 Be6 18. Qc2 Rad8 19. Bxg7 Kxg7 20. Nf4 Bf5 21. Qa4 Qb6 22. Rf1 Rd2 23. Rad1 Rxf2 24. Qd4+ Qxd4 25. Rxd4 Rxb2 26. Nh5+ Kf8 27. Nf4 Rxa2 28. Rc1 Ne3 29. Bf3 a5 30. h4 a4 31. Rb4 Re7 32. h5 g5 33. Ng2 Nxg2 34. Bxg2 Ree2 35. Bf3 Re3 36. Rf1 g4 37. Bg2 Rxg3 38. Rxf5 Rgxg2+ 39. Kh1 Rgf2 40. Rxf2 Rxf2 41. Rxa4 g3 42. h6 Rf3 43. Kg2 Rxc3 44. Ra8+ Ke7 45. Rh8 Kf6 46. Rxh7 Kg6 47. Rh8 b5 48. Kh3 b4 49. h7 b3 50. Kg2 Kg7 51. Rf8 Kxh7 52. Rxf7+ Kg6 53. Rb7 Kf5 54. Rb4 c5 55. Rxb3 Rxb3 0-1


[Site "https://www.chess.com"]

[Event "Titled Tuesday Blitz June 6 Late 2023"]
[White "Lalanne, Pablo"]
[Black "Novikov, Evgenij"]
[WhiteFideId "112151"]
[BlackFideId "4125380"]
[WhiteElo "2120"]
[BlackElo "2242"]
[Result "1/2-1/2"]
[Round "6"]
[TimeControl "180+2"]
[Date "2023.06.07"]
[WhiteClock "0:00:09"]
[BlackClock "0:00:03"]
[Board "85"]

1. e4 e5 2. Nf3 d6 3. d4 Nd7 4. Nc3 c6 5. a4 Be7 6. Bc4 Ngf6 7. O-O O-O 8. b3 Qc7 9. Bb2 b6 10. Bd3 a6 11. Ne2 exd4 12. Nexd4 Nc5 13. Re1 Bg4 14. h3 Bh5 15. Nf5 Nxd3 16. cxd3 Bg6 17. N3h4 Rfe8 18. Qf3 Bd8 19. g4 Re6 20. g5 Nh5 21. Qg4 d5 22. exd5 cxd5 23. Qd4 Qf4 24. Qxd5 Rc8 25. Rac1 Rxe1+ 26. Rxe1 Bxg5 27. Nxg6 hxg6 28. Nd6 Rd8 29. Be5 Qb4 30. Qxf7+ Kh7 31. Re4 Qc5 32. Ne8 Qe7 33. Qxe7 Bxe7 34. Nc7 Bc5 35. Nxa6 Bf8 36. d4 Rc8 37. Nc7 Nf6 38. Bxf6 Rxc7 39. Be5 Rc3 40. Kg2 Rxb3 41. d5 Bc5 42. d6 Rd3 43. a5 Bxd6 44. Bxd6 Rxd6 45. axb6 Rxb6 46. Rh4+ Kg8 47. Rg4 Re6 48. f4 Kf7 49. Kf3 1/2-1/2


[Site "https://www.chess.com"]

[Event "Titled Tuesday Blitz June 6 Late 2023"]
[White "Sairam, Pranav"]
[Black "Krsnik Cohar, Ivan Vihor"]
[WhiteFideId "30951330"]
[BlackFideId "14520044"]
[WhiteElo "1918"]
[BlackElo "2414"]
[Result "0-1"]
[Round "6"]
[TimeControl "180+2"]
[Date "2023.06.07"]
[WhiteClock "0:00:53"]
[BlackClock "0:01:49"]
[Board "86"]

1. e4 c5 2. Nf3 g6 3. d4 cxd4 4. Nxd4 Nf6 5. Nc3 Nc6 6. Be3 Bg7 7. Bc4 O-O 8. O-O Nxe4 9. Nxc6 Nxc3 10. Nxd8 Nxd1 11. Nxf7 Nxe3 12. fxe3 d5 13. Bxd5 e6 14. Nd6 exd5 15. Rad1 Rd8 16. Rxd5 Bf8 17. Rfd1 Be6 18. Re5 Bxd6 0-1


[Site "https://www.chess.com"]